 Dungeon Crawl Stone Soup version 0.23-a0-890-gc183402 (webtiles) character file.

Game seed: 2059860426831792297

5273 galech the Cleaver (level 10, 0/77 HPs)
             Began as a Demonspawn Fighter on Jan 28, 2019.
             Was a Priest of Okawaru.
             Killed from afar by an acid dragon (8 damage)
             ... with a splash of acid
             ... on level 8 of the Dungeon.
             The game lasted 00:09:41 (7643 turns).

galech the Cleaver (Demonspawn Fighter)             Turns: 7643, Time: 00:09:41

Health: 0/77       AC: 22    Str: 17    XL:     10   Next: 36%
Magic:  10/10      EV:  6    Int:  9    God:    Okawaru [***...]
Gold:   487        SH: 21    Dex: 16    Spells: 9/9 levels left

rFire    . . .     SeeInvis .   a - +0 war axe
rCold    . . .     Gourm    .   O - +0 large shield
rNeg     . . .     Faith    .   c - +0 plate armour
rPois    .         Spirit   .   I - +1 helmet
rElec    .         Reflect  +   r - +1 cloak {+Inv}
rCorr    .         Harm     .   (no gloves)
MR       +....                  (no boots)
Stlth    ..........             G - +6 amulet of reflection
HPRegen  0.22/turn              N - ring of protection from magic
MPRegen  0.12/turn              m - +5 ring of protection

@: no status effects
A: hooves 2, spiny 1, sturdy frame 2
a: Heroism, Renounce Religion, Evoke Invisibility


You were on level 8 of the Dungeon.
You worshipped Okawaru.
Okawaru was most pleased with you.
You were not hungry.

You visited 2 branches of the dungeon, and saw 9 of its levels.
You also visited: Ossuary.

You collected 487 gold pieces.

Inventory:

Hand Weapons
 a - a +0 war axe (weapon)
Armour
 c - a +0 plate armour (worn)
 r - a +1 cloak of invisibility (worn)
 I - a +1 helmet (worn)
 M - +0 steam dragon scales
 O - a +0 large shield (worn)
Jewellery
 e - an uncursed ring of ice
 m - a +5 ring of protection (right hand)
 C - an uncursed amulet of the gourmand
 G - a +6 amulet of reflection (around neck)
 K - an uncursed ring of magical power
 N - a ring of protection from magic (left hand)
Wands
 b - a wand of flame (19)
 y - a wand of clouds (8)
 J - a wand of disintegration (9)
Scrolls
 d - 4 scrolls of blinking {unknown}
 g - a scroll of random uselessness {unknown}
 l - 3 scrolls of enchant weapon {unknown}
 o - 2 scrolls of magic mapping {unknown}
 p - a scroll of fear {unknown}
 q - 2 scrolls of amnesia {unknown}
 t - 5 scrolls of teleportation {unknown}
 u - 7 scrolls of remove curse
 v - a scroll of fog {unknown}
 x - 8 scrolls of identify {unknown}
 D - 4 scrolls of enchant armour {unknown}
 F - a scroll of immolation {unknown}
Potions
 h - 2 potions of mutation {unknown}
 i - 2 potions of flight {unknown}
 j - 6 potions of heal wounds {unknown}
 k - 4 potions of degeneration {unknown}
 n - 6 potions of curing {unknown}
 s - a potion of agility {unknown}
 w - a potion of ambrosia {unknown}
 z - 4 potions of brilliance {unknown}
 A - 2 potions of lignification {unknown}
 B - 2 potions of haste {unknown}
 E - a potion of berserk rage {unknown}
 H - a potion of experience {unknown}
Comestibles
 f - 16 rations


   Skills:
 + Level 6.6 Fighting
 + Level 9.4 Axes
 + Level 5.5 Armour
 + Level 5.1 Dodging
 + Level 1.3 Stealth
 + Level 6.3 Shields
 + Level 0.1 Invocations


You had 9 spell levels left.
You didn't know any spells.
Your spell library contained the following spells:

 Spells                   Type           Power        Failure   Level  Hunger
 Confusing Touch          Hex            #.....       100%        1    ##.....
 Corona                   Hex            #......      100%        1    ##.....
 Magic Dart               Conj           #...         100%        1    ##.....
 Blink                    Tloc           N/A          100%        2    ###....
 Call Imp                 Summ           #.......     100%        2    ###....
 Ensorcelled Hibernation  Hex/Ice        #.....       100%        2    ###....
 Slow                     Hex            #.......     100%        2    ###....
 Confuse                  Hex            #.......     100%        3    ####...
 Conjure Flame            Conj/Fire      #.......     100%        3    ####...
 Dazzling Spray           Conj/Hex       #.....       100%        3    ####...
 Gell's Gravitas          Tloc           #.........   100%        3    ####...
 Mephitic Cloud           Conj/Pois/Air  #.......     100%        3    ####...
 Tukima's Dance           Hex            #.......     100%        3    ####...
 Petrify                  Tmut/Erth      #.......     100%        4    #####..
 Metabolic Englaciation   Hex/Ice        #.........   100%        5    ######.
 Yara's Violent Unravell  Hex/Tmut       #.........   100%        5    ######.


Dungeon Overview and Level Annotations

Branches:
Dungeon (8/15)             Temple (1/1) D:6
   Lair: D:8-11

Altars:
Ashenzari
Cheibriados
Dithmenos
Elyvilon
Fedhas
Gozag
Hepliaklqana
Kikubaaqudgha
Makhleb
Nemelex Xobeh
Okawaru
Qazlal
Ru
Sif Muna
Trog
Uskayaw
Vehumet
Wu Jian
Xom
Yredelemnul
Zin
The Shining One

Annotations:
D:6 1 runed translucent door, Ratty's ghost, novice VSTm


Innate Abilities, Weirdness & Mutations

You have hoof-like feet.
You are partially covered in sharp spines.
Your movements are less encumbered by armour. (ER -4)


Message History

The acid dragon is lightly wounded.
You hit the orc wizard.
You kill the orc wizard!
Okawaru accepts your kill.
You closely miss the ogre. You block the tengu warrior's attack.
You block the acid dragon's attack. x2
As you read the scroll labeled SOASTUGAMN, it crumbles to dust.
You feel as if something is helping you.
It was a scroll of remove curse.
You block the ogre's attack. You block the shadow imp's attack.
The acid dragon spits acid at you.
The splash of acid hits you but does no damage.
You are splashed with acid!
* * * LOW HITPOINT WARNING * * *
The tengu warrior hits you from afar with a +0 bardiche.
* * * LOW HITPOINT WARNING * * *
The phantom blinks!
The acid dragon spits acid at you. The splash of acid hits you!
You die...

#.....)....#.##..###.†##..#......
#.........[.##.#...÷.#.##.#......
#...........#...##.##...#.#......
#...........# #.#.).#.#.#........
#..##.#####.# #..[8...###........
#.##..#####.#.#.#...#.#.#...###.#
#.##........#...##.##...#.#...#.#
#.##..########.#.....#.##.###.#.#
#.#..## ##.@###..##..# #.#..
#...## ##..#..##...###.##. #.[##
##.D...###..##..## #..#
###O....##..##... #..#
#.Q###..##..##.. #..# #).5#
#..##..... #..# FQ...# #....[
#..# ..§#...# #...). #..##
#.#C##..# #.#...


You could see a tengu warrior, an acid dragon and an ogre.

Vanquished Creatures
  A two-headed ogre (D:8)
  3 hippogriffs
  A hungry ghost (D:8)
  A steam dragon (D:7)
  A water moccasin (D:5)
  An orc warrior (D:8)
  A sky beast (D:6)
  A black bear (D:6)
  2 wolves (D:5)
  2 phantoms
  4 ogres
  A centaur (D:6)
  A big kobold (D:8)
  5 bullfrogs
  3 gnoll sergeants (D:5)
  2 scorpions
  5 killer bees
  2 wights
  2 bullfrog zombies
  2 crimson imps (D:6)
  A centaur zombie (Ossuary)
  2 bullfrog skeletons
  A centaur skeleton (D:7)
  3 jellies
  An orc priest (D:3)
  Crazy Yiuf (D:2)
  7 hounds
  4 orc wizards
  3 gnoll shamans (D:5)
  6 iguanas
  3 worker ants
  2 big kobold zombies (Ossuary)
  A hound zombie (D:7)
  A howler monkey zombie (D:5)
  6 mummies (Ossuary)
  A worker ant zombie (D:5)
  25 gnolls
  15 adders
  4 shadow imps
  2 oozes
  An adder zombie (D:5)
  3 worms (D:2)
  3 dart slugs
  9 leopard geckos
  24 orcs
  3 ball pythons
  6 giant cockroaches
  11 goblins
  6 hobgoblins
  9 jackals
  2 kobolds
  3 quokkas
  5 bats
  2 frilled lizards
  4 hobgoblin zombies (Ossuary)
  9 rats
230 creatures vanquished.

Vanquished Creatures (others)
  A human (D:6)
1 creature vanquished.

Grand Total: 231 creatures vanquished

Notes
Turn   | Place    | Note
-------+----------+-------------------------------------------
     0 | D:1      | galech the Demonspawn Fighter began the quest for the Orb.
     0 | D:1      | Reached XP level 1. HP: 18/18 MP: 1/1
   203 | D:1      | Gained mutation: Your movements are slightly less
                  | encumbered by armour. (ER -2) [demonic ancestry]
   203 | D:1      | Reached XP level 2. HP: 22/24 MP: 2/2
   342 | D:1      | Reached skill level 2 in Axes
   834 | D:2      | Reached XP level 3. HP: 9/29 MP: 3/3
  1157 | D:2      | Reached skill level 1 in Dodging
  1385 | D:2      | Gained mutation: You have large cloven feet. [demonic
                  | ancestry]
  1385 | D:2      | Reached XP level 4. HP: 35/35 MP: 4/4
  1749 | D:2      | Reached skill level 3 in Axes
  2064 | D:2      | Found a runed translucent door.
  2065 | D:2      | Noticed Crazy Yiuf
  2235 | D:2      | Killed Crazy Yiuf
  2414 | D:3      | Reached XP level 5. HP: 37/41 MP: 5/5
  2953 | D:3      | Reached skill level 4 in Axes
  2991 | D:3      | Found a faded altar of an unknown god.
  3475 | D:4      | Gained mutation: You have hoof-like feet. [demonic
                  | ancestry]
  3475 | D:4      | Reached XP level 6. HP: 39/47 MP: 6/6
  3577 | D:4      | Found an ornate altar of the Wu Jian Council.
  3730 | D:4      | Found a shadowy altar of Dithmenos.
  3735 | D:4      | Found a bloodstained altar of Trog.
  3745 | D:4      | Found a hazy altar of Hepliaklqana.
  3768 | D:4      | Found a shattered altar of Ashenzari.
  3850 | D:4      | Gained mutation: Your movements are less encumbered by
                  | armour. (ER -4) [demonic ancestry]
  3850 | D:4      | Reached XP level 7. HP: 34/54 MP: 7/7
  3888 | D:4      | Reached skill level 5 in Axes
  4178 | D:5      | Entered Level 5 of the Dungeon
  4339 | D:5      | Found a sand-covered staircase.
  4375 | Ossuary  | Entered an ossuary
  4683 | D:5      | Found an opulent altar of Gozag.
  4727 | D:5      | Reached skill level 6 in Axes
  4727 | D:5      | Gained mutation: You are partially covered in sharp spines.
                  | [demonic ancestry]
  4727 | D:5      | Reached XP level 8. HP: 47/61 MP: 8/8
  5078 | D:5      | Reached skill level 5 in Fighting
  5078 | D:5      | Reached skill level 7 in Axes
  5529 | D:6      | Found an ancient bone altar of Kikubaaqudgha.
  5551 | D:6      | Found a runed translucent door.
  5587 | D:6      | Found a shimmering altar of Xom.
  5587 | D:6      | Found a burning altar of Makhleb.
  5591 | D:6      | Reached XP level 9. HP: 68/68 MP: 9/9
  5653 | D:6      | Found a staircase to the Ecumenical Temple.
  5662 | Temple   | Entered the Ecumenical Temple
  5714 | Temple   | Became a worshipper of Warmaster Okawaru
  5835 | D:6      | Reached skill level 5 in Armour
  6092 | D:6      | Noticed Ratty's ghost (novice VSTm)
  6196 | D:7      | Reached skill level 5 in Shields
  6198 | D:7      | Reached * piety under Okawaru
  6198 | D:7      | Reached skill level 8 in Axes
  6835 | D:8      | Reached skill level 1 in Stealth
  6952 | D:8      | Reached ** piety under Okawaru
  7149 | D:8      | Found a snail-covered altar of Cheibriados.
  7182 | D:8      | Found a radiant altar of Vehumet.
  7337 | D:8      | Reached XP level 10. HP: 57/77 MP: 10/10
  7416 | D:8      | Reached skill level 9 in Axes
  7451 | D:8      | Reached skill level 5 in Dodging
  7618 | D:8      | Noticed a two-headed ogre
  7629 | D:8      | Killed a two-headed ogre
  7629 | D:8      | Reached *** piety under Okawaru
  7634 | D:8      | Noticed a cyclops
  7636 | D:8      | Noticed a tengu warrior
  7643 | D:8      | Killed from afar by an acid dragon

Vault maps used:
D:1:      lightli_arrival_flooded_house, minmay_split_cup_large
D:2:      cheibrodos_greedy_goblins, first_ration, minmay_ruptured,
          uniq_crazy_yiuf_cottage
D:3:      chequers_ecumenical_altar_grove
D:4:      grunt_temple_overflow_cloverleaf, kennysheep_little_box,
          hangedman_abyss_or_decor_passed
D:5:      serial_gnoll_camp, gnoll_camp_medium_02, gnoll_camp_mini_loothouse,
          gnoll_camp_mini_house, gnoll_camp_mini_house, gnoll_camp_mini_basic,
          gnoll_camp_mini_hut, nicolae_ossuary_entry_ruins, basic_altar
D:6:      grunt_temple_overflow_champion_of_chaos, minmay_temple_entry_wispy,
          ebering_ghost_sewer_d, tgw_kikubaaqudgha
D:7:      minmay_starry_boxes
D:8:      minmay_the_grid_octo_triangle, old_standard_altar, basic_altar
Temple:   jpeg_temple_clearing
Ossuary:  ossuary_the_hunt_dpeg

Skill      XL: |  1  2  3  4  5  6  7  8  9 10 |
---------------+-------------------------------+-----
Armour         | 3 4 5 |  5.5
Axes           | 2 3 4 6 7 8 9 |  9.4
Shields        | 3 4 5 6 |  6.3
Dodging        | 1 2 3 4 5 |  5.1
Fighting       | 4 5 6 |  6.6
Stealth        | 1 |  1.3
Invocations    | |  0.1

Action                   |  1- 3 |  4- 6 |  7- 9 | 10-12 || total
-------------------------+-------+-------+-------+-------++-------
Melee: War axe           |    96 |   204 |   337 |    51 ||   688
       Kick              |       |    51 |   117 |    14 ||   182
Invok: Heroism           |       |       |       |     1 ||     1
  Use: Potion            |       |       |     1 |       ||     1
       Scroll            |       |       |       |     1 ||     1
  Eat: Chunk             |     2 |     8 |    19 |       ||    29
Armor: Scale mail        |    45 |   100 |   132 |       ||   277
       Steam dragon scal |       |       |     6 |       ||     6
       Plate armour      |       |       |       |    28 ||    28
Dodge: Dodged            |    43 |    65 |   124 |    18 ||   250
       Deflected         |       |       |     1 |       ||     1
Block: Shield            |    50 |   101 |   218 |       ||   369
       Large shield      |       |       |    17 |    81 ||    98

Table legend:
 A = Non-vault XP
 B = Vault XP
 C = Vault XP percentage of total XP
 D = Non-vault monster count
 E = Vault monster count
 F = Vault count percentage of total count
                 A         B        C        D         E       F
            +---------+---------+-------+---------+---------+-------
      Total |    4441 |    3092 |  41.0 |     154 |      76 |  33.0
            +---------+---------+-------+---------+---------+-------
        D:1 |      22 |       7 |  24.1 |      12 |       4 |  25.0
        D:2 |      78 |      75 |  49.0 |      18 |      13 |  41.9
        D:3 |     169 |       0 |   0.0 |      32 |       0 |   0.0
        D:4 |     503 |       0 |   0.0 |      22 |       0 |   0.0
        D:5 |     413 |    1077 |  72.3 |      18 |      31 |  63.3
        D:6 |     769 |      50 |   6.1 |      11 |       1 |   8.3
        D:7 |    1299 |     245 |  15.9 |      19 |       4 |  17.4
        D:8 |    1188 |    1424 |  54.5 |      22 |      10 |  31.2
    Ossuary |       0 |     214 | 100.0 |       0 |      13 | 100.0
            +---------+---------+-------+---------+---------+-------
